 Dungeon Crawl Stone Soup version 0.27.1-33-g824d729ab1 (webtiles) character file.

Game seed: 5995787963408610821

1137 mcbry74 the Grappler (level 8, -4/74 HPs)
             Began as a Troll Berserker on Dec 28, 2021.
             Was an Elder of Trog.
             Slain by Maggie (7 damage)
             ... on level 6 of the Dungeon.
             The game lasted 00:18:21 (4658 turns).

mcbry74 the Grappler (Troll Berserker)              Turns: 4658, Time: 00:18:22

Health: -4/74      AC:  4    Str: 27    XL:     8   Next: 14%
Magic:  7/7        EV: 10    Int:  4    God:    Trog [****..]
Gold:   325        SH:  0    Dex:  9    Spells: 7/7 levels left

rFire    . . .     SeeInvis .     - Unarmed
rCold    . . .     Faith    +   (no shield)
rNeg     . . .     Spirit   .   d - +0 animal skin
rPois    .         Reflect  .   (helmet restricted)
rElec    .         Harm     .   (no cloak)
rCorr    .         Rampage  .   (gloves unavailable)
Will     ++...                  (boots unavailable)
Stlth    +.........             s - amulet of faith
HPRegen  2.22/turn              (no ring)
MPRegen  0.10/turn              (no ring)

@: strong-willed, attractive, mesmerised, regenerating, studying Armour
A: large, unfitting armour, claws 3, regeneration 1, shaggy fur 1, tough skin 1
a: Renounce Religion, Berserk, Trog's Hand, Brothers in Arms


You were on level 6 of the Dungeon.
You worshipped Trog.
Trog was greatly pleased with you.
You visited 1 branch of the dungeon, and saw 6 of its levels.

You collected 325 gold pieces.

Inventory:

Hand Weapons
 a - a +0 hunting sling
 w - a +0 giant club
Missiles
 p - 23 sling bullets
 u - 3 atropa-tipped darts (quivered)
Armour
 d - a +0 animal skin (worn)
 q - a scarf of invisibility
Jewellery
 h - an amulet of guardian spirit
 s - an amulet of faith (around neck)
Wands
 n - a wand of polymorph (11)
 r - a wand of paralysis (3)
Scrolls
 e - 2 scrolls of amnesia
 g - 2 scrolls of teleportation
 i - a scroll of noise
 o - a scroll of holy word
 t - a scroll of brand weapon
 v - a scroll of identify
Potions
 c - a potion of haste {unknown}
 f - 3 potions of curing
 j - a potion of lignification {unknown}
 k - a potion of heal wounds {unknown}
 l - a potion of berserk rage {unknown}
 m - 2 potions of brilliance


   Skills:
 + Level 2.8 Fighting
 + Level 1.1 Maces & Flails
 + Level 1.1 Throwing
 + Level 2.4 Dodging
 + Level 9.6 Unarmed Combat
 + Level 0.8 Evocations


You had 7 spell levels left.
You didn't know any spells.
Your spell library was empty.

Dungeon Overview and Level Annotations

Branches:
Dungeon (6/15)             Temple (0/1) D:5

Altars:
Okawaru
Yredelemnul
The Shining One

Annotations:
D:6 Maggie


Innate Abilities, Weirdness & Mutations

You are too large for most types of armour.
You have claws for hands.
Your natural rate of healing is unusually fast.
You are covered in fur. (AC +1)
You have tough skin. (AC +1)


Message History

You mangle the gnoll!!
You kill the gnoll!
Trog accepts your kill.
Maggie gestures wildly while chanting.
Maggie attempts to bespell you!
You are mesmerised by Maggie!
Maggie gestures wildly while chanting.
Maggie draws you further into her thrall.
Maggie mumbles some strange words.
Maggie draws you further into her thrall.
The gnoll barely misses you.
You completely miss the gnoll. You claw the gnoll, but do no damage.
The gnoll hits you with a +0 flail!
* * * LOW HITPOINT WARNING * * *
You cannot move away from Maggie!
You cannot move away from Maggie!
You barely miss the gnoll. The gnoll hits you with a +0 flail.
* * * LOW HITPOINT WARNING * * *
You claw Maggie!
Maggie is moderately wounded.
Maggie smiles, but it's obviously fake.
Maggie hits you but does no damage.
You claw Maggie!
Maggie is severely wounded.
The gnoll hits you with a +0 flail.
* * * LOW HITPOINT WARNING * * *
Okay, then.
Unknown command.
You claw Maggie!
Maggie is almost dead.
Maggie hits you with a +0 long sword of flaming!
* * * LOW HITPOINT WARNING * * *
Maggie burns you.
* * * LOW HITPOINT WARNING * * *
The gnoll hits you with a +0 flail!
* * * LOW HITPOINT WARNING * * *
It was a potion of attraction.
You feel attractive to monsters.
Maggie hits you with a +0 long sword of flaming!
You die...

..[(...## ###..#
........###...#
.............#
####........#
####.....#
###...## #######
##...####.....##.#
##..............#
##.†..@@)#######
##....g)# #......#
##.....##
####...#####
##......# #.....##
##.....# #......#


You could see Maggie (mesmerising) and a gnoll.

Vanquished Creatures
  The ghost of dragonscale333 the Magician, an amateur DjFE of Makhleb (D:4)
  An ice beast (D:5)
  An ogre (D:6)
  Blork the orc (D:6)
  4 hounds
  2 jellies
  An orc priest (D:5)
  2 gnoll shamans
  2 iguanas
  An orc wizard (D:3)
  Robin (D:4)
  16 gnolls
  10 adders
  A white imp (D:5)
  2 ufetubi (D:5)
  2 worms (D:3)
  3 dart slugs
  14 orcs
  8 bats
  7 endoplasms
  3 giant cockroaches
  18 goblins
  14 hobgoblins
  9 jackals
  A quokka (D:2)
  5 ball pythons
  3 frilled lizards (D:1)
  4 kobolds
  4 rats
141 creatures vanquished.

Vanquished Creatures (others)
  An orc wizard (D:3)
  A hobgoblin (D:4)
  6 plants (D:4)
8 creatures vanquished.

Grand Total: 149 creatures vanquished

Notes
Turn   | Place    | Note
-------+----------+-------------------------------------------
     0 | D:1      | mcbry74 the Troll Berserker began the quest for the Orb.
     0 | D:1      | Reached XP level 1. HP: 22/22 MP: 0/0
   174 | D:1      | Reached XP level 2. HP: 29/29 MP: 1/1
   206 | D:1      | Found a faded altar of an unknown god.
   368 | D:1      | Reached skill level 4 in Unarmed Combat
   912 | D:2      | Reached XP level 3. HP: 36/36 MP: 2/2
   944 | D:2      | Reached ** piety under Trog
  1397 | D:3      | Reached skill level 5 in Unarmed Combat
  1397 | D:3      | Reached XP level 4. HP: 44/44 MP: 3/3
  1511 | D:3      | Found an iron altar of Okawaru.
  1626 | D:3      | Reached XP level 5. HP: 50/50 MP: 4/4
  1649 | D:3      | Reached *** piety under Trog
  1779 | D:3      | Reached skill level 6 in Unarmed Combat
  2225 | D:4      | Noticed dragonscale333's ghost (amateur DjFE)
  2317 | D:4      | Noticed Robin
  2372 | D:4      | Killed Robin
  2664 | D:4      | Reached XP level 6. HP: 59/59 MP: 5/5
  2995 | D:4      | Found a transporter.
  2997 | D:4      | Found a transporter.
  3438 | D:4      | Reached skill level 7 in Unarmed Combat
  3458 | D:4      | HP: 1/59 [gnoll (5)]
  3533 | D:4      | Killed dragonscale333's ghost
  3634 | D:5      | Entered Level 5 of the Dungeon
  3662 | D:5      | Reached skill level 8 in Unarmed Combat
  3712 | D:5      | Reached XP level 7. HP: 51/66 MP: 6/6
  3747 | D:5      | Found a staircase to the Ecumenical Temple.
  3916 | D:5      | Found a basalt altar of Yredelemnul.
  3918 | D:5      | Noticed a profane servitor
  3923 | D:5      | Found a glowing golden altar of the Shining One.
  3932 | D:5      | Noticed an angel
  3989 | D:5      | Reached skill level 9 in Unarmed Combat
  4392 | D:6      | Reached **** piety under Trog
  4481 | D:6      | Reached XP level 8. HP: 63/74 MP: 7/7
  4543 | D:6      | Noticed Blork the orc
  4553 | D:6      | Killed Blork the orc
  4554 | D:6      | Reached skill level 1 in Maces & Flails
  4554 | D:6      | Reached skill level 1 in Throwing
  4610 | D:6      | Noticed Maggie
  4657 | D:6      | HP: 1/74 [gnoll (9)]
  4658 | D:6      | Slain by Maggie

Illustrated notes

Levels and vault maps discovered:
D:1:      lemuel_arrival_broad_hall, layout_loops_corners,
          chequers_ecumenical_altar_island, minmay_distorted
D:2:      layout_rooms, hangedman_abyss_or_decor_stabs, minmay_pentomino_p4
D:3:      layout_basic, okawaru_gym_becter, serial_corexii_hall,
          corexii_hall_statues_s, corexii_hall_statues_x, corexii_hall_statues_l
D:4:      layout_basic, gammafunk_ghost_gnarly_gnolls, serial_rivers,
          chequers_serial_rivers_micro_e, chequers_serial_rivers_micro_b,
          chequers_serial_rivers_micro_c, chequers_serial_rivers_micro_d,
          chequers_serial_rivers_micro_b, minmay_fractal_squares_diagonal_5,
          uniq_robin
D:5:      layout_loops_cross, grunt_temple_overflow_holy_war,
          minmay_temple_entry_overgrown, minmay_misc_feat_square,
          minmay_starry_boxes
D:6:      layout_layer_cave, st_stairs_3, minmay_strange_pillars, uniq_maggie,
          uniq_blork_the_orc

Skill      XL: |  1  2  3  4  5  6  7  8 |
---------------+-------------------------+-----
Unarmed Combat | 4 5 6 8 9 |  9.6
Maces & Flails | 1 |  1.1
Throwing       | 1 |  1.1
Fighting       | |  2.8
Dodging        | |  2.4
Evocations     | |  0.8

Action                   |  1- 3 |  4- 6 |  7- 9 || total
-------------------------+-------+-------+-------++-------
Melee: Unarmed           |   104 |   174 |    74 ||   352
       Punch             |     4 |     3 |     4 ||    11
Invok: Berserk           |       |     4 |       ||     4
       Trog's Hand       |       |     4 |     1 ||     5
  Use: Scroll            |       |     1 |     6 ||     7
       Potion            |       |     3 |     1 ||     4
 Stab: Sleeping          |     1 |     1 |       ||     2
Armor: Animal skin       |    49 |    38 |    13 ||   100
       Skin              |       |     2 |       ||     2
Dodge: Dodged            |    46 |    95 |    32 ||   173
